| TOP OF THE 1ST |
|
Southern Maryland Blue Crabs batting - Pitching for Canton Indians : LHP Tony Flores
|
|
Pitching: LHP Tony Flores
|
|
|
Batting: RHB Kevin Popowicz
|
0-0: Ball 1-0: Ball 2-0: Ball 3-0: Base on Balls
|
|
Batting: LHB Xue-liang Zhou
|
0-0: Ball 1-0: Ball 2-0: Ball 3-0: Called Strike 3-1: Called Strike 3-2: Base on Balls Kevin Popowicz to second
|
|
Batting: RHB Maup Gommers
|
0-0: Called Strike 0-1: Ball 1-1: Called Strike 1-2: Ball 2-2: Ball 3-2: Base on Balls Kevin Popowicz to third Xue-liang Zhou to second
|
|
Batting: RHB Jonathan Mendoza
|
0-0: Ball 1-0: Foul Ball, location: 2F 1-1: Ball 2-1: Ball 3-1: Fly out, F7 (Flyball, 78D, EV 101.2 MPH) Runner from 3rd tags up, SCORES, throw by LF
|
|
Batting: SHB Carlos Carrillo
|
0-0: Ball 1-0: Called Strike 1-1: Called Strike 1-2: Ball 2-2: Ball 3-2: 3-RUN HOME RUN (Line Drive, 78XD, EV 116.9 MPH), Distance : 444 ft
|
|
Batting: SHB Eric Kelley
|
0-0: Called Strike 0-1: Swinging Strike 0-2: Strikes out swinging
|
|
Batting: RHB Ruben Domingues
|
0-0: SINGLE (Flyball, 34D, EV 93.1 MPH) - OUT at second base trying to stretch hit.
|
| Top of the 1st over - 4 runs, 2 hits, 0 errors, 0 left on base; Southern Maryland 4 - Canton 0 |
| BOTTOM OF THE 1ST |
|
Canton Indians batting - Pitching for Southern Maryland Blue Crabs : RHP Bruce Yeager
|
|
Pitching: RHP Bruce Yeager
|
|
|
Batting: RHB George Wagner
|
0-0: Ball 1-0: Foul Ball, location: 2F 1-1: Foul Ball, location: 2F 1-2: Ball 2-2: Ball 3-2: Foul Ball, location: 2F 3-2: Strikes out swinging
|
|
Batting: RHB Josh Patterson
|
0-0: Ball 1-0: Ball 2-0: Called Strike 2-1: Called Strike 2-2: Foul Ball, location: 2F 2-2: Ball 3-2: Ground out 4-3 (Groundball, 4, EV 85.6 MPH)
|
|
Batting: RHB Gary Ming
|
0-0: Ball 1-0: Called Strike 1-1: Ball 2-1: Ball 3-1: Foul Ball, location: 2F 3-2: Foul Ball, location: 2F 3-2: Base on Balls
|
|
Batting: RHB Leo Villa
|
0-0: Called Strike 0-1: Ball 1-1: Swinging Strike 1-2: Strikes out swinging
|
| Bottom of the 1st over - 0 runs, 0 hits, 0 errors, 1 left on base; Southern Maryland 4 - Canton 0 |
| TOP OF THE 2ND |
|
Southern Maryland Blue Crabs batting - Pitching for Canton Indians : LHP Tony Flores
|
|
Batting: LHB Edwin Cabral
|
0-0: SINGLE (Groundball, 5D, EV 100.0 MPH)
|
|
Batting: LHB Chris Cohen
|
0-0: Called Strike 0-1: Ball 1-1: Called Strike 1-2: Foul Ball, location: 2F 1-2: Ball 2-2: Ball 3-2: Strikes out looking
|
|
Batting: RHB Kevin Popowicz
|
0-0: Called Strike 0-1: Called Strike 0-2: Strikes out swinging
|
|
Batting: LHB Xue-liang Zhou
|
0-0: Ball 1-0: Foul Ball, location: 2F 1-1: Ball 2-1: DOUBLE (Flyball, 89D, EV 91.2 MPH) Edwin Cabral to third Runner from 3rd tries for Home, SAFE, throw by RF to home
|
|
Batting: RHB Maup Gommers
|
0-0: Called Strike 0-1: Swinging Strike 0-2: Strikes out swinging
|
| Top of the 2nd over - 1 run, 2 hits, 0 errors, 1 left on base; Southern Maryland 5 - Canton 0 |
| BOTTOM OF THE 2ND |
|
Canton Indians batting - Pitching for Southern Maryland Blue Crabs : RHP Bruce Yeager
|
|
Batting: RHB Charles Blatchford
|
0-0: SINGLE (Line Drive, 9S, EV 91.2 MPH)
|
|
Batting: RHB Tacito Carreiro
|
0-0: Ball 1-0: Ball 2-0: Ball 3-0: Base on Balls Charles Blatchford to second
|
|
Batting: RHB Ruben Irizarry
|
0-0: SINGLE (Groundball, 6MD, EV 103.8 MPH) Charles Blatchford to third Tacito Carreiro to second
|
|
Batting: RHB Juan Ordonez
|
0-0: Ball 1-0: Ball 2-0: Ball 3-0: Called Strike 3-1: Fly out, F7 (Flyball, 7S, EV 93.1 MPH)
|
|
Batting: RHB Aubrey Regimbald
|
0-0: Called Strike 0-1: Ball 1-1: Swinging Strike 1-2: Foul Ball, location: 2F 1-2: Ball 2-2: Ball 3-2: SINGLE (Line Drive, 78S, EV 92.5 MPH) Charles Blatchford scores Tacito Carreiro to third Ruben Irizarry to second
|
|
Batting: RHB George Wagner
|
0-0: Ball 1-0: Ball 2-0: Ball 3-0: Called Strike 3-1: Foul Ball, location: 2F 3-2: Foul Ball, location: 2F 3-2: Strikes out swinging
|
|
Batting: RHB Josh Patterson
|
0-0: Called Strike 0-1: Foul Ball, location: 2F 0-2: Ball 1-2: Strikes out looking
|
| Bottom of the 2nd over - 1 run, 3 hits, 0 errors, 3 left on base; Southern Maryland 5 - Canton 1 |
| TOP OF THE 3RD |
|
Southern Maryland Blue Crabs batting - Pitching for Canton Indians : LHP Tony Flores
|
|
Batting: RHB Jonathan Mendoza
|
0-0: SOLO HOME RUN (Flyball, 9LD, EV 95.0 MPH), Distance : 355 ft
|
|
Batting: SHB Carlos Carrillo
|
0-0: Ball 1-0: Fly out, F8 (Line Drive, 8LD, EV 103.1 MPH)
|
|
Batting: SHB Eric Kelley
|
0-0: Fly out, F6 (Popup, 6M, EV 65.6 MPH)
|
|
Batting: RHB Ruben Domingues
|
0-0: Swinging Strike 0-1: Ball 1-1: Swinging Strike 1-2: Strikes out swinging
|
| Top of the 3rd over - 1 run, 1 hit, 0 errors, 0 left on base; Southern Maryland 6 - Canton 1 |
| BOTTOM OF THE 3RD |
|
Canton Indians batting - Pitching for Southern Maryland Blue Crabs : RHP Bruce Yeager
|
|
Batting: RHB Gary Ming
|
0-0: Foul Ball, location: 2F 0-1: Ball 1-1: SINGLE (Groundball, 4M, EV 107.5 MPH) (infield hit)
|
|
Batting: RHB Leo Villa
|
0-0: Ball 1-0: Fly out, F3 (Popup, 3F, EV 75.6 MPH)
|
|
Batting: RHB Charles Blatchford
|
0-0: Foul Ball, location: 2F 0-1: Foul Ball, location: 2F 0-2: Ball Wild Pitch! Gary Ming to second 1-2: Ball 2-2: Foul Ball, location: 2F 2-2: Ground out 5-3 (Groundball, 56, EV 84.4 MPH)
|
|
Batting: RHB Tacito Carreiro
|
0-0: Foul Ball, location: 2F 0-1: Ball 1-1: Foul Ball, location: 2F 1-2: Ball 2-2: Foul Ball, location: 2F 2-2: Ball 3-2: Base on Balls
|
|
Batting: RHB Ruben Irizarry
|
0-0: Ball 1-0: Called Strike 1-1: Ball 2-1: SINGLE (Groundball, 34D, EV 99.4 MPH) Gary Ming to third Tacito Carreiro to second Runner from 3rd tries for Home, SAFE, throw by RF to home Tacito Carreiro to third Ruben Irizarry to second
|
|
Batting: RHB Juan Ordonez
|
0-0: Ball 1-0: Swinging Strike 1-1: Foul Ball, location: 2F 1-2: Fly out, F4 (Line Drive, 4M, EV 70.6 MPH)
|
| Bottom of the 3rd over - 1 run, 2 hits, 0 errors, 2 left on base; Southern Maryland 6 - Canton 2 |
| TOP OF THE 4TH |
|
Southern Maryland Blue Crabs batting - Pitching for Canton Indians : LHP Tony Flores
|
|
Pitching: RHP Joe Babich
|
|
|
Batting: LHB Edwin Cabral
|
0-0: Called Strike 0-1: Swinging Strike 0-2: Strikes out swinging
|
|
Batting: LHB Chris Cohen
|
0-0: Swinging Strike 0-1: Swinging Strike 0-2: Ball 1-2: Ball 2-2: Ball 3-2: Base on Balls
|
|
Batting: RHB Kevin Popowicz
|
0-0: Ball 1-0: Called Strike 1-1: Foul Ball, location: 2F 1-2: Foul Ball, location: 2F 1-2: SINGLE (Groundball, 25, EV 72.5 MPH) (infield hit) Chris Cohen to second
|
|
Batting: LHB Xue-liang Zhou
|
0-0: Ground out 5-3 (Groundball, 56S, EV 68.1 MPH) Chris Cohen to third Kevin Popowicz to second
|
|
Batting: RHB Maup Gommers
|
0-0: Ball 1-0: Ball 2-0: Ball 3-0: Called Strike 3-1: Foul Ball, location: 2F 3-2: Base on Balls
|
|
Batting: RHB Jonathan Mendoza
|
0-0: Swinging Strike 0-1: Swinging Strike 0-2: Ball 1-2: Ball 2-2: Foul Ball, location: 2F 2-2: Foul Ball, location: 2F 2-2: Strikes out looking
|
| Top of the 4th over - 0 runs, 1 hit, 0 errors, 3 left on base; Southern Maryland 6 - Canton 2 |
| BOTTOM OF THE 4TH |
|
Canton Indians batting - Pitching for Southern Maryland Blue Crabs : RHP Bruce Yeager
|
|
Batting: RHB Aubrey Regimbald
|
0-0: Called Strike 0-1: Ball 1-1: Foul Ball, location: 2F 1-2: Strikes out swinging
|
|
Pitching: RHP Rod Najera
|
|
|
Batting: RHB George Wagner
|
0-0: Ball 1-0: Called Strike 1-1: SINGLE (Groundball, 56D, EV 96.9 MPH)
|
|
Batting: RHB Josh Patterson
|
0-0: Called Strike 0-1: Foul Ball, location: 2F 0-2: Fly out, F7 (Line Drive, 7S, EV 88.8 MPH)
|
|
Batting: RHB Gary Ming
|
0-0: Ball 1-0: Called Strike 1-1: Ball 2-1: Ball 3-1: Called Strike 3-2: Ground out 2-3 (Groundball, 2R, EV 69.4 MPH)
|
| Bottom of the 4th over - 0 runs, 1 hit, 0 errors, 1 left on base; Southern Maryland 6 - Canton 2 |
| TOP OF THE 5TH |
|
Southern Maryland Blue Crabs batting - Pitching for Canton Indians : RHP Joe Babich
|
|
Batting: SHB Carlos Carrillo
|
0-0: Ball 1-0: Ball 2-0: Swinging Strike 2-1: Ball 3-1: Base on Balls
|
|
Batting: SHB Eric Kelley
|
0-0: Ball 1-0: Called Strike 1-1: Foul Ball, location: 2F 1-2: TRIPLE (Flyball, 89XD, EV 105.0 MPH) Carlos Carrillo scores
|
|
Batting: RHB Ruben Domingues
|
0-0: Ball 1-0: Foul Ball, location: 2F 1-1: Foul Ball, location: 2F 1-2: Foul Ball, location: 2F 1-2: Strikes out swinging
|
|
Batting: LHB Edwin Cabral
|
0-0: Ball 1-0: Called Strike 1-1: Ball 2-1: Swinging Strike 2-2: Strikes out looking
|
|
Batting: LHB Chris Cohen
|
0-0: Swinging Strike 0-1: Ball 1-1: Foul Ball, location: 2F 1-2: Ball 2-2: Strikes out swinging
|
| Top of the 5th over - 1 run, 1 hit, 0 errors, 1 left on base; Southern Maryland 7 - Canton 2 |
| BOTTOM OF THE 5TH |
|
Canton Indians batting - Pitching for Southern Maryland Blue Crabs : RHP Rod Najera
|
|
Batting: RHB Leo Villa
|
0-0: Called Strike 0-1: Called Strike 0-2: Strikes out looking
|
|
Batting: RHB Charles Blatchford
|
0-0: Called Strike 0-1: Called Strike 0-2: Strikes out swinging
|
|
Batting: RHB Tacito Carreiro
|
0-0: Ball 1-0: Ball 2-0: Swinging Strike 2-1: Foul Ball, location: 2F 2-2: Ball 3-2: Base on Balls
|
|
Batting: RHB Ruben Irizarry
|
0-0: Ball 1-0: Foul Ball, location: 2F 1-1: Swinging Strike 1-2: Ball 2-2: Strikes out swinging
|
| Bottom of the 5th over - 0 runs, 0 hits, 0 errors, 1 left on base; Southern Maryland 7 - Canton 2 |
| TOP OF THE 6TH |
|
Southern Maryland Blue Crabs batting - Pitching for Canton Indians : RHP Joe Babich
|
|
Batting: RHB Kevin Popowicz
|
0-0: Called Strike 0-1: Ball 1-1: Swinging Strike 1-2: Ball 2-2: SOLO HOME RUN (Flyball, 7D, EV 100.6 MPH), Distance : 379 ft
|
|
Batting: LHB Xue-liang Zhou
|
0-0: Swinging Strike 0-1: Ball 1-1: Foul Ball, location: 2F 1-2: Strikes out swinging
|
|
Batting: RHB Maup Gommers
|
0-0: Ball 1-0: Called Strike 1-1: Ball 2-1: SINGLE (Flyball, 8RS, EV 88.1 MPH)
|
|
Pitching: RHP Yann Jarry
|
|
|
Batting: RHB Jonathan Mendoza
|
0-0: Ball Wild Pitch! Maup Gommers to second 1-0: Ball 2-0: Called Strike 2-1: Foul Ball, location: 2F 2-2: Foul Ball, location: 2F 2-2: Ball 3-2: Strikes out looking
|
|
Batting: SHB Carlos Carrillo
|
0-0: Called Strike 0-1: Foul Ball, location: 2F 0-2: Ball 1-2: Foul Ball, location: 2F 1-2: Fly out, F9 (Line Drive, 89M, EV 96.9 MPH)
|
| Top of the 6th over - 1 run, 2 hits, 0 errors, 1 left on base; Southern Maryland 8 - Canton 2 |
| BOTTOM OF THE 6TH |
|
Canton Indians batting - Pitching for Southern Maryland Blue Crabs : RHP Rod Najera
|
|
Batting: RHB Juan Ordonez
|
0-0: Ball 1-0: Foul Ball, location: 2F 1-1: Ball 2-1: Called Strike 2-2: Foul Ball, location: 2F 2-2: Ball 3-2: Base on Balls
|
|
Batting: RHB Aubrey Regimbald
|
0-0: Ball Juan Ordonez is caught stealing 2nd base 2-4 1-0: Ball 2-0: Called Strike 2-1: Called Strike 2-2: Fly out, F7 (Flyball, 7D, EV 80.6 MPH)
|
|
Batting: RHB George Wagner
|
0-0: Called Strike 0-1: Foul Ball, location: 2F 0-2: Ball 1-2: Strikes out swinging
|
| Bottom of the 6th over - 0 runs, 0 hits, 0 errors, 0 left on base; Southern Maryland 8 - Canton 2 |
| TOP OF THE 7TH |
|
Southern Maryland Blue Crabs batting - Pitching for Canton Indians : RHP Yann Jarry
|
|
Batting: SHB Eric Kelley
|
0-0: Swinging Strike 0-1: Ground out U3 (Groundball, 34, EV 108.8 MPH)
|
|
Batting: RHB Ruben Domingues
|
0-0: Ball 1-0: Foul Ball, location: 2F 1-1: Ball 2-1: Called Strike 2-2: Ball 3-2: Foul Ball, location: 2F 3-2: Strikes out swinging
|
|
Batting: LHB Edwin Cabral
|
0-0: Swinging Strike 0-1: Ball 1-1: Ball 2-1: Swinging Strike 2-2: SINGLE (Groundball, 6MD, EV 103.1 MPH)
|
|
Batting: LHB Chris Cohen
|
0-0: SINGLE (Groundball, 6D, EV 100.0 MPH) Edwin Cabral to second Runner from 2nd tries for 3rd, SAFE, throw by LF made to third
|
|
Batting: RHB Kevin Popowicz
|
0-0: Ball 1-0: Fly out, F8 (Flyball, 8LD, EV 91.2 MPH)
|
| Top of the 7th over - 0 runs, 2 hits, 0 errors, 2 left on base; Southern Maryland 8 - Canton 2 |
| BOTTOM OF THE 7TH |
|
Canton Indians batting - Pitching for Southern Maryland Blue Crabs : RHP Rod Najera
|
|
Batting: RHB Josh Patterson
|
0-0: Swinging Strike 0-1: Ball 1-1: Foul Ball, location: 2F 1-2: Strikes out swinging
|
|
Batting: RHB Gary Ming
|
0-0: Called Strike 0-1: SINGLE (Line Drive, 78S, EV 113.1 MPH)
|
|
Batting: RHB Leo Villa
|
0-0: Ball 1-0: Foul Ball, location: 2F 1-1: Swinging Strike 1-2: Ball 2-2: Foul Ball, location: 2F 2-2: Fly out, F8 (Flyball, 78M, EV 90.0 MPH)
|
|
Batting: RHB Charles Blatchford
|
0-0: Foul Ball, location: 2F 0-1: Ball 1-1: SINGLE (Line Drive, 9S, EV 99.4 MPH) Gary Ming to second
|
|
Batting: RHB Tacito Carreiro
|
0-0: Foul Ball, location: 2F 0-1: Foul Ball, location: 2F 0-2: Ball 1-2: SINGLE (Groundball, 25, EV 70.0 MPH) (infield hit) Gary Ming to third Charles Blatchford to second
|
|
Batting: RHB Ruben Irizarry
|
0-0: Called Strike 0-1: Ball 1-1: Called Strike 1-2: Ball 2-2: Ball 3-2: SINGLE (Groundball, 6MD, EV 98.8 MPH) Gary Ming scores Charles Blatchford to third Tacito Carreiro to second Charles Blatchford scores Tacito Carreiro to third
|
|
Pitching: RHP Clifton Stannard
|
|
|
Pinch Hitting: LHB Dorian Oram
|
0-0: Swinging Strike 0-1: Foul Ball, location: 2F 0-2: Strikes out swinging
|
| Bottom of the 7th over - 2 runs, 4 hits, 0 errors, 2 left on base; Southern Maryland 8 - Canton 4 |
| TOP OF THE 8TH |
|
Southern Maryland Blue Crabs batting - Pitching for Canton Indians : RHP Yann Jarry
|
|
Pitching: RHP Kenny Samuels
|
|
|
Now at 2B: Patrick Pinault
|
|
|
Batting: LHB Xue-liang Zhou
|
0-0: Ground out U3 (Groundball, 3, EV 89.4 MPH)
|
|
Batting: RHB Maup Gommers
|
0-0: Called Strike 0-1: SINGLE (Flyball, 8RS, EV 91.9 MPH)
|
|
Batting: RHB Jonathan Mendoza
|
0-0: Hit by Pitch Maup Gommers to second
|
|
Batting: SHB Carlos Carrillo
|
0-0: Ball 1-0: Grounds into double play, 6-4-3 (Groundball, 6M, EV 103.8 MPH)
|
| Top of the 8th over - 0 runs, 1 hit, 0 errors, 1 left on base; Southern Maryland 8 - Canton 4 |
| BOTTOM OF THE 8TH |
|
Canton Indians batting - Pitching for Southern Maryland Blue Crabs : RHP Clifton Stannard
|
|
Pinch Hitting: RHB Quan Tai
|
0-0: Fly out, F4 (Popup, 34S, EV 85.6 MPH)
|
|
Batting: RHB George Wagner
|
0-0: Foul Ball, location: 2F 0-1: Foul Ball, location: 2F 0-2: Foul Ball, location: 2F 0-2: Ball 1-2: Strikes out swinging
|
|
Batting: RHB Josh Patterson
|
0-0: Foul Ball, location: 2F 0-1: Foul Ball, location: 2F 0-2: Fly out, F7 (Flyball, 7LSF, EV 83.1 MPH)
|
| Bottom of the 8th over - 0 runs, 0 hits, 0 errors, 0 left on base; Southern Maryland 8 - Canton 4 |
| TOP OF THE 9TH |
|
Southern Maryland Blue Crabs batting - Pitching for Canton Indians : RHP Kenny Samuels
|
|
Now in LF: Quan Tai
|
|
|
Batting: SHB Eric Kelley
|
0-0: Called Strike 0-1: Fly out, F8 (Flyball, 8RD, EV 98.8 MPH)
|
|
Batting: RHB Ruben Domingues
|
0-0: Ball 1-0: Foul Ball, location: 2F 1-1: Swinging Strike 1-2: Ball 2-2: Ball 3-2: Foul Ball, location: 2F 3-2: Base on Balls
|
|
Pinch Hitting: RHB Simon Van Steenwyk
|
0-0: Foul Ball, location: 2F 0-1: Ball Wild Pitch! Ruben Domingues to second 1-1: Ball 2-1: Ball 3-1: Foul Ball, location: 2F 3-2: Base on Balls
|
|
Batting: LHB Chris Cohen
|
0-0: Ball 1-0: Swinging Strike 1-1: Ball 2-1: Ball 3-1: Foul Ball, location: 2F 3-2: Foul Ball, location: 2F 3-2: Fly out, F7 (Line Drive, 7, EV 95.0 MPH)
|
|
Batting: RHB Kevin Popowicz
|
0-0: Ball 1-0: Foul Ball, location: 2F 1-1: Ball 2-1: Ball 3-1: Base on Balls Ruben Domingues to third Simon Van Steenwyk to second
|
|
Batting: LHB Xue-liang Zhou
|
0-0: Ball 1-0: Ball 2-0: Fielders Choice at 2nd, 6-4 (Groundball, 6, EV 100.0 MPH)
|
| Top of the 9th over - 0 runs, 0 hits, 0 errors, 3 left on base; Southern Maryland 8 - Canton 4 |
| BOTTOM OF THE 9TH |
|
Canton Indians batting - Pitching for Southern Maryland Blue Crabs : RHP Clifton Stannard
|
|
Now at 2B: Maup Gommers
|
|
|
Now at SS: Ivan Alvarez
|
|
|
Batting: RHB Gary Ming
|
0-0: Foul Ball, location: 2F 0-1: Foul Ball, location: 2F 0-2: Foul Ball, location: 2F 0-2: Ball 1-2: Ball 2-2: Strikes out swinging, 2-3 out at first.
|
|
Batting: RHB Leo Villa
|
0-0: Ball 1-0: Fly out, F7 (Flyball, 78D, EV 91.2 MPH)
|
|
Batting: RHB Charles Blatchford
|
0-0: Swinging Strike 0-1: Fly out, F9 (Line Drive, 9, EV 105.6 MPH)
|
| Bottom of the 9th over - 0 runs, 0 hits, 0 errors, 0 left on base; Southern Maryland 8 - Canton 4 |
|